 Dungeon Crawl Stone Soup version 0.26-a0-667-g92642533e4 (webtiles) character file.

Game seed: 10749123704758500065

170 marklar909 the Skirmisher (level 5, -1/42 HPs)
             Began as a Formicid Abyssal Knight on Oct 17, 2020.
             Was a Believer of Lugonu.
             Slain by a worker ant (7 damage)
             ... on level 3 of the Dungeon.
             The game lasted 00:04:12 (4566 turns).

marklar909 the Skirmisher (Formicid Abyssal Knight) Turns: 4566, Time: 00:04:13

Health: -1/42      AC:  4    Str: 17    XL:     5   Next: 80%
Magic:  6/6        EV: 11    Int: 12    God:    Lugonu [**....]
Gold:   163        SH:  5    Dex: 10    Spells: 4/4 levels left

rFire    . . .     SeeInvis +   a - +1 mace
rCold    . . .     Faith    .   (no shield)
rNeg     + . .     Spirit   .   b - +0 leather armour
rPois    .         Reflect  +   (helmet unavailable)
rElec    .         Harm     .   d - +0 cloak {Stlth+}
rCorr    .         Rampage  .   (no gloves)
MR       .....                  (no boots)
Stlth    +.........             h - amulet of reflection
HPRegen  0.14/turn              g - ring of positive energy
MPRegen  0.10/turn              (no ring)

@: lethally poisoned (-1 -> -19)
A: permanent stasis, dig shafts and tunnels, four strong arms, antennae 3
a: Dig, Shaft Self, Depart the Abyss, Bend Space, Renounce Religion


You were on level 3 of the Dungeon.
You worshipped Lugonu.
Lugonu was pleased with you.
You visited 1 branch of the dungeon, and saw 4 of its levels.
You visited the Abyss 1 time.

You collected 163 gold pieces.

Inventory:

Hand Weapons
 a - a +1 mace (weapon)
Armour
 b - a +0 leather armour (worn)
 d - a +0 cloak of stealth (worn)
Jewellery
 g - a ring of positive energy (left hand)
 h - an amulet of reflection (around neck)
 r - an uncursed ring of protection from magic {unknown}
 u - an uncursed ring of flight {unknown}
Wands
 t - a wand of polymorph (5)
 w - a wand of paralysis (4)
Scrolls
 c - 3 scrolls of remove curse {unknown}
 i - 7 scrolls of identify {unknown}
 j - a scroll of enchant weapon {unknown}
 m - 4 scrolls of immolation {unknown}
 n - a scroll of magic mapping {unknown}
 o - 3 scrolls of teleportation {unknown}
 p - 3 scrolls of amnesia {unknown}
 q - 3 scrolls of random uselessness {unknown}
Potions
 f - a potion of invisibility {unknown}
 k - a potion of lignification {unknown}
 l - 2 potions of might {unknown}
 s - a potion of magic {unknown}
 v - 2 potions of brilliance {unknown}
Miscellaneous
 e - a phantom mirror (inert)


   Skills:
 + Level 4.2 Fighting
 + Level 3.6 Maces & Flails
 + Level 3.4 Armour
 + Level 1.4 Dodging
 + Level 1.4 Stealth
 + Level 2.3 Invocations
 + Level 0.1 Evocations


You had 4 spell levels left.
You didn't know any spells.
Your spell library was empty.

Dungeon Overview and Level Annotations

Branches:
Dungeon (4/15)
 Temple: D:4-7

Altars:
Ashenzari
Wu Jian


Innate Abilities, Weirdness & Mutations

You cannot be hasted, slowed, berserked, paralysed or teleported.
You can dig through walls and to a lower floor.
Your four strong arms can wield two-handed weapons with a shield.
You have a pair of large antennae on your head. (SInv)


Message History

You hit the worker ant.
The worker ant is moderately wounded.
You feel sick. The worker ant barely misses you.
You thump the worker ant!
The worker ant is almost dead.
You block the worker ant's attack.
The worker ant bites you but does no damage.
You hit the worker ant but do no damage.
The worker ant is almost dead.
You feel sick. The worker ant bites you.
You are more poisoned.
The worker ant poisons you!
You barely miss the worker ant.
The worker ant is almost dead.
* * * LOW HITPOINT WARNING * * *
You feel sick. The worker ant bites you.
* * * LOW HITPOINT WARNING * * *
You are more poisoned.
The worker ant poisons you! The worker ant bites you!
You die...

.####.# #...# #.#####..#
......# #.#.# #........#
.####.# #.#.# #.#####..#####
## #.# #.#.# #.# #..##... #.#
#.#.# #.# #<.##.##
#.#######.#.####.#####..##..#
#
#............................
#
#.#######............#.#####.
## #.# ##)B@....#.#...#...#.
.# #.# #.#####.#.....#...#.
.# #.# #.# #.#..####...## .#
#.# #.# #.#..#⌠.##'##. .#
#.########.# #.............
.# #........#.#
#.###.#....... .#
########.#.#####.#...........
## #....>........#...+..._...
#.###.#.#####.#...#.......


You could see a worker ant.

Vanquished Creatures
  A gnoll shaman (D:3)
  Terence (D:2)
  Robin (D:2)
  A gnoll (D:3)
  2 adders (D:3)
  An ooze (D:1)
  2 worms
  4 dart slugs
  3 leopard geckos (D:3)
  9 bats
  2 giant cockroaches
  5 hobgoblins
  2 quokkas
  3 frilled lizards
  16 goblins
  4 kobolds (D:1)
  4 rats
61 creatures vanquished.

Notes
Turn   | Place    | Note
-------+----------+-------------------------------------------
     0 | Abyss:1  | marklar909 the Formicid Abyssal Knight began the quest for
                  | the Orb.
     0 | Abyss:1  | Reached XP level 1. HP: 18/18 MP: 2/2
    64 | Abyss:2  | Found a corrupted altar of Lugonu.
   111 | D:1      | Escaped the Abyss
   456 | D:1      | Reached XP level 2. HP: 20/25 MP: 3/3
   738 | D:1      | Reached * piety under Lugonu
   892 | D:1      | Reached XP level 3. HP: 30/30 MP: 4/4
  1256 | D:2      | Noticed Terence
  1695 | D:2      | Reached skill level 4 in Fighting
  1941 | D:2      | Noticed Robin
  1969 | D:2      | Killed Robin
  1969 | D:2      | Reached XP level 4. HP: 27/37 MP: 5/5
  2086 | D:2      | Killed Terence
  2086 | D:2      | Reached skill level 1 in Dodging
  2684 | D:3      | Found a broken altar of Ashenzari.
  2705 | D:3      | Reached XP level 5. HP: 18/42 MP: 6/6
  3156 | D:3      | Found an ornate altar of the Wu Jian Council.
  3166 | D:3      | Reached ** piety under Lugonu
  3166 | D:3      | Reached skill level 1 in Stealth
  3888 | D:4      | Noticed an ogre
  4566 | D:3      | Slain by a worker ant

Illustrated notes

Levels and vault maps discovered:
D:1:      ncdulo_lavacross, layout_basic
D:2:      layout_loops_cross, corexii_corridor_pit,
          chequers_serial_rivers_large_a, roderic_roman_lattice, uniq_terence,
          uniq_robin
D:3:      layout_basic, overflow_temple_1_default, evilmike_ruin_ashenzari
D:4:      layout_rooms

Skill      XL: |  1  2  3  4  5 |
---------------+----------------+-----
Fighting       | 4 |  4.2
Maces & Flails | 3 |  3.6
Dodging        | 1 |  1.4
Armour         | 3 |  3.4
Stealth        | 1 |  1.4
Invocations    | |  2.3
Evocations     | |  0.1

Action                   |  1- 3 |  4- 6 || total
-------------------------+-------+-------++-------
Melee: Mace              |   104 |   121 ||   225
Invok: Depart the Abyss  |     1 |       ||     1
 Abil: Dig               |     2 |       ||     2
Evoke: Phantom mirror    |       |     1 ||     1
 Stab: Sleeping          |       |     2 ||     2
Armor: Leather armour    |    31 |    28 ||    59
Dodge: Dodged            |    52 |    63 ||   115
Block: Other             |    24 |    39 ||    63
       Reflection        |     1 |       ||     1

Table legend: (Time is in decaauts)
 A = Elapsed time spent in this place.
 B = Non-inter-level travel time spent in this place.
 C = Inter-level travel time spent in this place.
 D = Time resting spent in this place.
 E = Time spent auto-exploring this place.
 F = Levels seen in this place.
 G = Mean time per level.
                   A        B        C        D        E       F      G
               +--------+--------+--------+--------+--------+-----+--------+
         Total |   4636 |   4563 |     73 |   1546 |   2334 |   6 |  772.7 |
       Dungeon |   4525 |   4452 |     73 |   1546 |   2288 |   4 | 1131.2 |
         Abyss |    110 |    110 |      0 |      0 |     46 |   2 |   55.0 |
               +--------+--------+--------+--------+--------+-----+--------+

Top non-repeatable levels by time:
     D:3: 1838 daAuts
     D:1: 1283 daAuts
     D:2: 1197 daAuts
     D:4: 205 daAuts
 Abyss:1: 58 daAuts
 Abyss:2: 52 daAuts
